 Dungeon Crawl Stone Soup version 0.20.0-15-g7f486f2 (webtiles) character file.

9824 Inarius the Geomancer (level 11, -6/62 HPs)
             Began as a Gargoyle Earth Elementalist on June 27, 2017.
             Was a Follower of Hepliaklqana.
             Killed from afar by a gargoyle (12 damage)
             ... with a stone arrow
             ... on level 9 of the Dungeon.
             The game lasted 00:45:02 (14465 turns).

Inarius the Geomancer (GrEE)                       Turns: 14465, Time: 00:45:03

Health: -6/62      AC: 17    Str: 23    XL:     11   Next: 52%
Magic:  9/23       EV: 13    Int: 26    God:    Hepliaklqana [*.....]
Gold:   294        SH:  0    Dex: 13    Spells: 5/26 levels left

rFire    . . .     SeeInvis .   S - +5 war axe of Wyrd {venom, Str+5 Int+4}
rCold    . . .     Gourm    .   (no shield)
rNeg     + . .     Faith    .   M - +2 leather armour of Love and Death {rElec Str+5 Int+4}
rPois    ∞         Spirit   .   q - +0 helmet
rElec    +         Reflect  .   (no cloak)
rCorr    .         Harm     .   x - +2 pair of gloves {Dex+3}
MR       .....                  (no boots)
Stlth    ++........             c - amulet of magic regeneration
Regen    0.2/turn               P - ring of flight
MPRegen  0.3/turn               D - ring of wizardry

@: no status effects
A: reduced essence, negative energy resistance 1, electricity resistance,
unbreathing, petrification resistance, rot immunity, AC +7
a: Recall Ancestor, Ancestor Identity, Renounce Religion, Evoke Flight


You were on level 9 of the Dungeon.
You worshipped Hepliaklqana.
Hepliaklqana was aware of your devotion.
You were hungry.

You visited 2 branches of the dungeon, and saw 10 of its levels.
You also visited: Sewer and Ossuary.

You collected 490 gold pieces.
You spent 196 gold pieces at shops.

Inventory:

Hand Weapons
 o - a +3 mace of protection
 N - a +5 dagger of chaos
 S - the +5 war axe of Wyrd (weapon) {venom, Str+5 Int+4}
   (You found it on level 8 of the Dungeon)

   It poisons the flesh of those it strikes.
   It affects your strength (+5).
   It affects your intelligence (+4).
Missiles
 b - 170 stones (quivered)
Armour
 i - a +1 hat
 n - a +0 scale mail of fire resistance
 q - a +0 helmet (worn)
 x - a +2 pair of gloves of dexterity (worn)
 H - the +1 robe "Jaqa Xas" {rF++ rC- rN+}
   (You found it on level 4 of the Dungeon)

   It greatly protects you from fire.
   It makes you vulnerable to cold.
   It protects you from negative energy.
 M - the +2 leather armour of Love and Death (worn) {rElec Str+5 Int+4}
   (You bought it in a shop on level 5 of the Dungeon)

   It affects your strength (+5).
   It affects your intelligence (+4).
   It insulates you from electricity.
 T - a +0 large shield
Jewellery
 c - an amulet of magic regeneration (around neck)
 j - a +5 amulet of reflection
 s - an uncursed ring of resist corrosion
 D - a ring of wizardry (right hand)
 P - a ring of flight (left hand)
Wands
 E - a wand of acid (10/15)
Scrolls
 g - 5 scrolls of amnesia
 m - a scroll of fog
 p - 2 scrolls of fear
 v - 9 scrolls of teleportation
 y - 2 scrolls of blinking
 z - 3 scrolls of recharging
 C - 6 scrolls of remove curse
 I - a scroll of magic mapping
 R - a scroll of torment
Potions
 f - 3 potions of cancellation
 k - 9 potions of curing
 l - 4 potions of brilliance
 r - a potion of ambrosia
 t - 4 potions of heal wounds
 u - 2 potions of lignification
 w - 4 potions of might {unknown}
 B - 3 potions of haste {unknown}
 F - 2 potions of agility
 G - a potion of flight {unknown}
 J - a potion of mutation
 K - a potion of invisibility
 L - a potion of berserk rage
Books
 e - a book of Geomancy

   Spells                             Type                      Level
   a - Sandblast                      Earth                        1
   b - Passwall                       Transmutation/Earth          2
   c - Stone Arrow                    Conjuration/Earth            3
   d - Petrify                        Transmutation/Earth          4
   e - Lee's Rapid Deconstruction     Earth                        5
 O - the Disquisition on the Earthen Frostbite
   (You found it on level 8 of the Dungeon)

   Spells                             Type                      Level
   a - Throw Frost                    Conjuration/Ice              2
   b - Passwall                       Transmutation/Earth          2
   c - Summon Ice Beast               Ice/Summoning                4
   d - Ozocubu's Refrigeration        Ice                          6
   e - Statue Form                    Transmutation/Earth          6
 U - a book of Power

   Spells                             Type                      Level
   a - Iskenderun's Battlesphere      Conjuration/Charms           5
   b - Venom Bolt                     Conjuration/Poison           5
   c - Bolt of Magma                  Conjuration/Fire/Earth       5
   d - Iron Shot                      Conjuration/Earth            6
   e - Orb of Destruction             Conjuration                  7
   f - Spellforged Servitor           Conjuration/Summoning        7
Comestibles
 a - 8 meat rations
 d - 7 bread rations
 h - 5 fruits
 A - 8 royal jellies


   Skills:
 * Level 8.4 Fighting
 + Level 5.6 Armour
 + Level 3.6 Dodging
 - Level 2.1 Stealth
 + Level 8.1 Spellcasting
 * Level 7.3 Conjurations
 + Level 3.9 Transmutations
 + Level 10.0 Earth Magic
 + Level 2.0 Invocations
 - Level 2.0 Evocations


You had 5 spell levels left.
You knew the following spells:

 Your Spells              Type           Power        Failure   Level  Hunger
a - Sandblast             Erth           ######       1%          1    None
b - Stone Arrow           Conj/Erth      ######       1%          3    None
c - Petrify               Tmut/Erth      #####...     1%          4    ##.....
d - Lee's Rapid Deconstr  Erth           ######....   1%          5    ####...
e - Passwall              Tmut/Erth      #####.....   1%          2    None
f - Iron Shot             Conj/Erth      ######....   11%         6    ######.


Dungeon Overview and Level Annotations

Branches:
Dungeon (9/15)             Temple (1/1) D:6
   Lair: D:8-11         Orc: D:9-12

Altars:
Ashenzari
Elyvilon
Fedhas
Gozag
Hepliaklqana
Kikubaaqudgha
Makhleb
Nemelex Xobeh
Qazlal
Ru
Sif Muna
Trog
Uskayaw
Vehumet
Xom
Yredelemnul
Zin
The Shining One

Shops:
D:5 [


Innate Abilities, Weirdness & Mutations

You are resistant to torment.
Your stone body is resilient. (AC +7)
You are immune to poison.
You resist negative energy. (rN+)
You are resistant to electric shocks. (rElec)
You can survive without breathing.
You are immune to petrification.
You are immune to rotting.
Your life essence is reduced. (-10% HP)


Message History

Tiberius hits the gargoyle.
You see here an arrow.
The centaur shoots an arrow.
The arrow barely misses you.
Tiberius barely misses the gargoyle.
The gargoyle hurls a stone arrow at you.
The stone arrow hits Tiberius.
Tiberius is destroyed!
The gargoyle hurls a stone arrow at you.
The stone arrow hits you!
* * * LOW HITPOINT WARNING * * *
You see here an arrow.
You feel much better.
The centaur shoots an arrow.
The arrow hits you.
The centaur shoots an arrow.
The arrow hits you but does no damage.
You see here an arrow.
The gargoyle hurls a stone arrow at you.
The stone arrow hits you!
* * * LOW HITPOINT WARNING * * *
The gargoyle hurls a stone arrow at you.
The stone arrow hits you!
You die...

##...........#######.#..........#
........(((....#.....####(...#...
....##.).##....#.###.#...(.......
#. #8...8###c...# #.##.#.###....
##...## #99..###.....(#...).#
'......###...........<#.#...#
#....)..# #..###....#).#.#....
#........'##..###....#..#.#####
#....8....##..@....)......##...
#'.......'##..####...#.#####.##
$#.......#8#..####...#.......#
#..##.....###.......
...##.......###.##<.
#...##....<..# .. ...###.......#
## .... #.......# ###...###


You could see 2 gargoyles and a centaur.

Vanquished Creatures
  Erolcha (D:8)
  2 two-headed ogres (D:8)
  The ghost of miragecloak the Fighter, a novice FoAK of Lugonu (D:6)
  Joseph (D:7)
  2 gargoyles (D:9)
  A hippogriff (D:7)
  A human (D:9)
  4 hogs (D:9)
  A soldier ant (D:6)
  Duvessa (D:6)
  A black bear (D:8)
  An orc warrior (D:7)
  An ice beast (D:5)
  A sky beast (D:8)
  3 ogres
  2 phantoms
  2 centaurs
  A big kobold (Sewer)
  Blork the orc (D:4)
  2 bullfrogs
  A gnoll sergeant (D:5)
  10 scorpions (Ossuary)
  A killer bee (D:6)
  Dowan (D:6)
  6 howler monkeys
  3 jellies
  3 crimson imps
  2 orc priests (D:6)
  3 hounds
  3 orc wizards
  A gnoll shaman (D:5)
  4 human zombies (Ossuary)
  2 iguanas
  Terence (D:3)
  6 worker ants
  2 big kobold zombies (Ossuary)
  A hound zombie (D:7)
  Robin (D:2)
  A howler monkey zombie (D:8)
  3 mummies (Ossuary)
  8 gnolls (D:5)
  8 river rats
  22 adders
  2 scorpion zombies (Ossuary)
  4 shadow imps
  4 oozes
  2 adder skeletons
  4 worms
  2 dart slugs (D:1)
  6 leopard geckos
  15 orcs
  7 giant cockroaches
  A gnoll zombie (Ossuary)
  19 goblins
  8 hobgoblins
  19 jackals
  23 kobolds
  3 quokkas
  8 ball pythons
  14 bats
  7 frilled lizards
  2 goblin zombies (Ossuary)
  3 hobgoblin zombies (Ossuary)
  2 kobold zombies (Ossuary)
  An orc zombie (Ossuary)
  A quokka zombie (D:5)
  33 rats
313 creatures vanquished.

Vanquished Creatures (collateral kills)
  2 two-headed ogres (D:8)
  An ogre (D:8)
  2 centaurs
  2 scorpions (D:6)
  2 crimson imps
  2 hounds (D:8)
  An orc priest (D:7)
  An orc wizard (D:6)
  2 iguanas (D:8)
  A worker ant (D:6)
  A hound skeleton (D:8)
  A leopard gecko (D:6)
  An orc (D:7)
  2 butterflies (D:6)
21 creatures vanquished.

Vanquished Creatures (others)
  3 ancestors
  A scorpion zombie (Ossuary)
  An adder (D:6)
5 creatures vanquished.

Grand Total: 339 creatures vanquished

Notes
Turn   | Place    | Note
-------+----------+-------------------------------------------
     0 | D:1      | Inarius the Gargoyle Earth Elementalist began the quest for the Orb.
     0 | D:1      | Reached XP level 1. HP: 10/10 MP: 3/3
   392 | D:1      | Reached XP level 2. HP: 15/15 MP: 5/5
   674 | D:1      | Reached skill level 1 in Armour
   914 | D:1      | Reached XP level 3. HP: 20/20 MP: 4/6
   915 | D:1      | Reached skill level 4 in Earth Magic
  1061 | D:1      | Reached skill level 1 in Fighting
  2243 | D:2      | Noticed Robin
  2245 | D:2      | Reached XP level 4. HP: 25/25 MP: 4/7
  2651 | D:1      | Learned a level 3 spell: Stone Arrow
  2656 | D:1      | Learned a level 4 spell: Petrify
  2713 | D:2      | Killed Robin
  2713 | D:2      | Reached skill level 1 in Transmutations
  3555 | D:2      | Found a shimmering altar of Xom.
  3559 | D:2      | Reached XP level 5. HP: 30/30 MP: 5/9
  3697 | D:2      | Reached skill level 1 in Conjurations
  4762 | D:3      | Found a basalt altar of Yredelemnul.
  5219 | D:3      | Noticed Terence
  5325 | D:3      | Killed Terence
  5325 | D:3      | Reached XP level 6. HP: 34/35 MP: 2/10
  5403 | D:3      | Found a glowing drain.
  5414 | Sewer    | Entered a sewer
  5588 | Sewer    | Reached skill level 5 in Earth Magic
  5940 | Sewer    | Reached XP level 7. HP: 34/40 MP: 5/12
  6578 | Sewer    | Learned a level 5 spell: Lee's Rapid Deconstruction
  7128 | D:4      | Found a sand-covered staircase.
  7196 | Ossuary  | Entered an ossuary
  7502 | Ossuary  | Reached skill level 6 in Earth Magic
  7516 | Ossuary  | Reached XP level 8. HP: 46/46 MP: 12/14
  8131 | D:4      | Found a blossoming altar of Fedhas.
  8134 | D:4      | Found an opulent altar of Gozag.
  8320 | D:4      | Reached skill level 5 in Spellcasting
  8593 | D:4      | Got a distressingly furry robe
  8604 | D:4      | Identified the +1 robe "Jaqa Xas" {rF++ rC- rN+} (You found it on level 4 of the Dungeon)
  9193 | D:4      | Noticed Blork the orc
  9199 | D:4      | Killed Blork the orc
  9400 | D:5      | Entered Level 5 of the Dungeon
  9521 | D:5      | Reached XP level 9. HP: 53/53 MP: 9/16
  9742 | D:5      | Reached skill level 5 in Fighting
  9853 | D:5      | Found Olineor's Antique Armour Shop.
  9861 | D:5      | Bought a fine leather armour for 196 gold pieces
  9871 | D:5      | Identified the +2 leather armour of Love and Death {rElec Str+5 Int+4} (You bought it in a shop on level 5 of the Dungeon)
 10097 | D:5      | Reached skill level 7 in Earth Magic
 10333 | D:5      | Learned a level 2 spell: Passwall
 10383 | D:5      | Reached skill level 5 in Armour
 10451 | D:6      | Found a staircase to the Ecumenical Temple.
 10460 | Temple   | Entered the Ecumenical Temple
 10616 | Temple   | Became a worshipper of Hepliaklqana the Forgotten
 10712 | D:6      | Noticed miragecloak's ghost (novice FoAK)
 10768 | D:6      | Killed miragecloak's ghost
 10992 | D:6      | Found a runed door.
 11014 | D:6      | Found a runed door.
 11091 | D:6      | Reached skill level 8 in Earth Magic
 11092 | D:6      | Reached skill level 5 in Conjurations
 11271 | D:6      | Noticed Duvessa
 11274 | D:6      | Noticed Dowan
 11282 | D:6      | Killed Dowan
 11286 | D:6      | Killed Duvessa
 11286 | D:6      | Reached XP level 10. HP: 42/54 MP: 9/20
 11738 | D:7      | Reached skill level 1 in Evocations
 11747 | D:7      | Reached * piety under Hepliaklqana
 11849 | D:7      | Reached skill level 1 in Invocations
 12197 | D:7      | Noticed Joseph
 12218 | D:7      | Killed Joseph
 12446 | D:7      | Found a shimmering altar of Xom.
 12447 | D:7      | Found a burning altar of Makhleb.
 12727 | D:8      | Identified the Disquisition on the Earthen Frostbite
 12741 | D:8      | Noticed a two-headed ogre
 12832 | D:8      | Noticed a two-headed ogre
 12843 | D:8      | Killed a two-headed ogre
 12843 | D:8      | Reached skill level 9 in Earth Magic
 13003 | D:8      | Killed a two-headed ogre
 13423 | D:8      | Got a faintly glowing war axe
 13441 | D:8      | Noticed a two-headed ogre
 13463 | D:8      | Killed a two-headed ogre
 13463 | D:8      | Reached XP level 11. HP: 23/60 MP: 18/22
 13741 | D:8      | Noticed a two-headed ogre
 13756 | D:8      | Killed a two-headed ogre
 13813 | D:8      | Identified the +5 war axe of Wyrd {venom, Str+5 Int+4} (You found it on level 8 of the Dungeon)
 13907 | D:8      | Found a shimmering altar of Xom.
 13963 | D:9      | Noticed Erolcha
 14008 | D:8      | Killed Erolcha
 14440 | D:9      | Learned a level 6 spell: Iron Shot
 14448 | D:9      | Reached skill level 10 in Earth Magic
 14465 | D:9      | Killed from afar by a gargoyle

Skill      XL: |  1  2  3  4  5  6  7  8  9 10 11 |
---------------+----------------------------------+-----
Armour         | 1 2 3 4 5 |  5.6
Earth Magic    | 4 5 6 8 9 10 | 10.0
Fighting       | 1 2 3 4 5 7 8 |  8.4
Dodging        | 2 3 |  3.6
Transmutations | 1 2 3 |  3.9
Conjurations   | 1 2 3 5 6 7 |  7.3
Spellcasting   | 3 4 5 6 7 8 |  8.1
Evocations     | 1 2 |  2.0
Invocations    | 2 |  2.0
Stealth        | |  2.1

Action                   |  1- 3 |  4- 6 |  7- 9 | 10-12 || total
-------------------------+-------+-------+-------+-------++-------
Melee: Unarmed           |    70 |       |       |       ||    70
       Dagger            |   121 |   352 |    89 |    52 ||   614
       Mace              |       |       |   323 |   138 ||   461
       Flail             |       |       |       |    24 ||    24
       War axe           |       |       |       |    39 ||    39
 Cast: Sandblast         |    25 |   140 |   105 |    12 ||   282
       Stone Arrow       |       |       |    27 |    11 ||    38
       Lee's Rapid Decon |       |       |     1 |     7 ||     8
       Petrify           |       |       |     1 |    10 ||    11
Invok: Recall Ancestor   |       |       |       |     1 ||     1
  Use: Scroll            |       |     5 |     2 |    16 ||    23
       Potion            |       |     5 |       |     1 ||     6
 Stab: Sleeping          |     1 |     1 |     3 |     3 ||     8
       Petrified         |       |       |     8 |    26 ||    34
       Distracted        |       |       |     1 |     5 ||     6
  Eat: Chunk             |     5 |    13 |     6 |    12 ||    36
       Bread ration      |       |       |     3 |       ||     3
Armor: Robe              |   103 |    26 |       |       ||   129
       Animal skin       |       |   164 |   151 |       ||   315
       Scale mail        |       |       |    77 |       ||    77
       Leather armour    |       |       |    52 |   148 ||   200
Dodge: Dodged            |   182 |   357 |   293 |   185 ||  1017
